 Dungeon Crawl Stone Soup version 0.30-a0-142-g7370640ec8 (webtiles) character file.

Game seed: 5345318670610773134

444 Aibolit the Grave Robber (level 6, 0/42 HPs)
             Began as a Mummy Necromancer on Sept 26, 2022.
             Was a Follower of Sif Muna.
             Slain by an orc wizard
             ... wielding a +0 dagger
              (1 damage)
             ... on level 5 of the Dungeon.
             The game lasted 00:14:38 (2830 turns).

Aibolit the Grave Robber (Mummy Necromancer)        Turns: 2830, Time: 00:14:39

Health: 0/42       AC:  2    Str: 12    XL:     6   Next: 72%
Magic:  8/14       EV: 12    Int: 16    God:    Sif Muna [*.....]
Gold:   201        SH:  0    Dex: 12    Spells: 15/16 levels left

rFire   x . .      SeeInvis .    k - +0 flail
rCold   + . .      Faith    +    (no shield)
rNeg    + + +      Spirit   .    a - +0 robe
rPois   ∞          Reflect  .    (no helmet)
rElec   .          Harm     .    (no cloak)
rCorr   .          Rampage  .    (no gloves)
Will    .....                    (no boots)
Stlth   ++........               i - amulet of regeneration
HPRegen 0.94/turn                n - ring of poison resistance
MPRegen 0.14/turn                (no ring)

@: no status effects
A: cold resistance 1, negative energy resistance 3, torment resistance 2, heat
vulnerability 1, in touch with death 1, no potions, faith
a: Renounce Religion, Channel Magic


You were on level 5 of the Dungeon.
You worshipped Sif Muna.
Sif Muna was aware of your devotion.
You visited 1 branch of the dungeon, and saw 5 of its levels.

You collected 201 gold pieces.

Inventory:

Hand Weapons
 k - a +0 flail (weapon)
Armour
 a - a +0 robe (worn)
Jewellery
 i - an amulet of regeneration (around neck)
 n - a ring of poison resistance (left hand)
 q - an amulet of guardian spirit
Wands
 l - a wand of polymorph (7)
 s - a wand of mindburst (17)
Scrolls
 e - 2 scrolls of enchant armour
 f - a scroll of noise {unknown}
 g - 2 scrolls of amnesia
 h - a scroll of fear
 j - 2 scrolls of brand weapon {unknown}
 m - a scroll of vulnerability {unknown}
 r - a scroll of acquirement {unknown}
Potions
 b - 3 potions of heal wounds {unknown}
 c - a potion of mutation {unknown}
 d - a potion of curing {unknown}
 o - a potion of degeneration {unknown}
 p - 2 potions of might {unknown}


   Skills:
 + Level 0.4 Fighting
 + Level 1.1 Maces & Flails
 + Level 2.0 Dodging
 + Level 1.7 Stealth
 + Level 0.1 Unarmed Combat
 + Level 5.5 Spellcasting
 + Level 6.4 Necromancy


You had 15 spell levels left.
You knew the following spells:

 Your Spells              Type           Power      Damage    Failure   Level
a - Necrotise             Necr           100%       1d9       1%          1

Your spell library contained the following spells:

 Spells                   Type           Power      Damage    Failure   Level
 Vampiric Draining        Necr           37%        2d8       3%          3
 Animate Dead             Necr           37%        N/A       11%         4
 Scorch                   Fire           8%         2d5       22%         2
 Agony                    Necr           37%        N/A       28%         5
 Flame Wave               Conj/Fire      4%         2d5       82%         4
 Summon Lightning Spire   Summ/Air       4%         N/A       82%         4
 Summon Cactus Giant      Summ           2%         N/A       100%        6
 Maxwell's Capacitive Co  Air            2%         ∞         100%        8
 Storm Form               Tmut/Air       Unusable   N/A       N/A         7

Dungeon Overview and Level Annotations

Branches:
Dungeon (5/15)             Temple (0/1) D:5

Altars:
Kikubaaqudgha
Sif Muna


Innate Abilities, Weirdness & Mutations

You are immune to poison.
Your flesh is cold resistant. (rC+)
You are immune to negative energy. (rN+++)
You are immune to unholy pain and torment.
You are vulnerable to heat. (rF-)
You are in touch with the powers of death.
You do not drink.
You have a special connection with the divine. (Faith)


Message History

Aiming: Necrotise (safe; 1% risk of failure)
Press: ? - help, Q - select action, (/) - cycle Shift-Dir - straight line You feel a surge of power!
Something writhes in agony.
You hear a shout!
Something hits you. x2
Something hits you but does no damage.
Aiming: Necrotise (safe; 1% risk of failure)
Press: ? - help, Q - select action, (/) - cycle Shift-Dir - straight line You feel a surge of power!
Something writhes in agony.
You hear some strange, mumbled words.
Something tries to affect you, but you resist.
Something hits you. Something hits you.
Aiming: Necrotise (safe; 1% risk of failure)
Press: ? - help, Q - select action, (/) - cycle Shift-Dir - straight line You feel a surge of power!
Something writhes in agony.
Something hits you. x2
You miss something.
You hear some strange, mumbled words.
A puff of flame appears from out of thin air!
The puff of flame hits you! The fire burns you terribly! Something hits you.
* * * LOW HITPOINT WARNING * * *
You barely miss something. Something hits you.
* * * LOW HITPOINT WARNING * * *
Something hits you.
* * * LOW HITPOINT WARNING * * *
Something hits you.
* * * LOW HITPOINT WARNING * * *
Something hits you.
* * * LOW HITPOINT WARNING * * *
You can't see any enemies this would affect, really read the scroll of fear? [Y]es or [N]o only, please.
You can't see any enemies this would affect, really read the scroll of fear?
Okay, then.
Something hits you.
* * * LOW HITPOINT WARNING * * *
Something hits you.
* * * LOW HITPOINT WARNING * * *
Something hits you.
You die...

#.......#.###[#
#........<# #Z#
#.......#.#
#.#####
#.......#.#
#.....#
#)......#.#
#####.#
#....<..#.# #.##
#####
#####.########
#Z.# #....
####.....#####.#
#....
.#(@...#?..#.#
#....
...8....>....8...#
#####
.#...#.....#...###
# #####.....#####
# ########## ###
#....# #.. ####.##
#.. #..#######..
##..Z...##..


There were no monsters in sight!

Vanquished Creatures
  An ice beast (D:5)
  A scorpion (D:4)
  2 hounds (D:5)
  An iguana (D:5)
  Natasha (D:2)
  An orc wizard (D:5)
  6 gnolls
  4 adders
  A shadow imp (D:4)
  2 dart slugs
  5 orcs
  3 ball pythons (D:1)
  A giant cockroach (D:1)
  A goblin (D:1)
  6 hobgoblins
  2 quokkas
  4 bats (D:1)
  2 frilled lizards
  4 kobolds
  6 rats
54 creatures vanquished.

Vanquished Creatures (collateral kills)
  3 endoplasms
  2 goblins (D:1)
  A hobgoblin (D:1)
  A ball python (D:1)
  A kobold (D:4)
8 creatures vanquished.

Grand Total: 62 creatures vanquished

Notes
Turn   | Place    | Note
-------+----------+-------------------------------------------
     0 | D:1      | Aibolit the Mummy Necromancer began the quest for the Orb.
     0 | D:1      | Reached XP level 1. HP: 13/13 MP: 4/4
   135 | D:1      | Found a faded altar of an unknown god.
   227 | D:1      | Reached XP level 2. HP: 19/19 MP: 2/5
   773 | D:2      | Noticed Natasha
   778 | D:2      | Killed Natasha
   779 | D:2      | Gained mutation: You are in touch with the powers of death.
                  | [Mummy growth]
   779 | D:2      | Reached XP level 3. HP: 24/24 MP: 2/7
   913 | D:2      | Reached skill level 5 in Necromancy
  1326 | D:3      | Reached XP level 4. HP: 30/30 MP: 4/9
  1347 | D:3      | Found an ancient bone altar of Kikubaaqudgha.
  1348 | D:3      | You fall into a shaft and drop 1 floor!
  1409 | D:4      | Found a shimmering blue altar of Sif Muna.
  1412 | D:4      | Became a worshipper of Sif Muna the Loreminder
  1428 | D:4      | Noticed a scorpion
  1436 | D:4      | Killed a scorpion
  1437 | D:4      | Reached XP level 5. HP: 35/35 MP: 6/12
  1444 | D:4      | Identified the +1 leather armour of Gibom {Rampage MP+9
                  | Slay+3}
  1827 | D:5      | Entered Level 5 of the Dungeon
  2504 | D:5      | Reached skill level 1 in Maces & Flails
  2653 | D:5      | Reached skill level 5 in Spellcasting
  2653 | D:5      | Reached XP level 6. HP: 36/42 MP: 6/13
  2757 | D:5      | Noticed an ice beast
  2762 | D:5      | Killed an ice beast
  2763 | D:5      | Reached skill level 6 in Necromancy
  2806 | D:5      | Found a staircase to the Ecumenical Temple.
  2812 | D:5      | Reached * piety under Sif Muna
  2829 | D:5      | HP: 1/42 [something (3)]
  2830 | D:5      | Slain by an orc wizard

Illustrated notes

Levels and vault maps discovered:
D:1:      dpeg_arrival_circle_labyrinth_a, layout_basic,
          nicolae_ecumenical_snake_handling
D:2:      layout_loops_cross, uniq_natasha
D:3:      layout_basic, nicolae_kikubaaqudgha_miasma_corner,
          kennysheep_nondescript
D:4:      layout_cave_pools, kennysheep_mini
D:5:      layout_basic, minmay_temple_entry_antechambers,
          kennysheep_cross_bottleneck

Skill      XL: |  1  2  3  4  5  6 |
---------------+-------------------+-----
Spellcasting   | 3 4 5 |  5.5
Necromancy     | 5 6 |  6.4
Maces & Flails | 1 |  1.1
Dodging        | 2 |  2.0
Fighting       | |  0.4
Stealth        | |  1.7
Unarmed Combat | |  0.1

Action                   |  1- 3 |  4- 6 || total
-------------------------+-------+-------++-------
Melee: Unarmed           |     6 |    11 ||    17
       Flail             |       |    19 ||    19
 Cast: Necrotise         |    47 |    76 ||   123
Evoke: Wand              |       |     1 ||     1
  Use: Scroll            |     3 |       ||     3
Armor: Robe              |     3 |     7 ||    10
Dodge: Dodged            |     7 |    45 ||    52

Table legend: (Time is in decaauts)
 A = Elapsed time spent in this place.
 B = Non-inter-level travel time spent in this place.
 C = Inter-level travel time spent in this place.
 D = Time resting spent in this place.
 E = Time spent auto-exploring this place.
 F = Levels seen in this place.
 G = Mean time per level.
                   A        B        C        D        E       F      G
               +--------+--------+--------+--------+--------+-----+--------+
         Total |   2836 |    811 |   2025 |    322 |      0 |   5 |  567.2 |
       Dungeon |   2836 |    811 |   2025 |    322 |      0 |   5 |  567.2 |
               +--------+--------+--------+--------+--------+-----+--------+

Top non-repeatable levels by time:
     D:5: 905 daAuts
     D:1: 713 daAuts
     D:4: 583 daAuts
     D:2: 553 daAuts
     D:3: 80 daAuts
